 Dungeon Crawl Stone Soup version 0.30-a0-912-ge10d75a369 (webtiles) character file.

Game seed: 14179020180528028212

658 Grim the Jinx (level 7, 0/36 HPs)
             Began as a Deep Elf Enchanter on Mar 19, 2023.
             Slain by an ogre
             ... wielding a +0 giant club
              (23 damage)
             ... on level 4 of the Dungeon.
             The game lasted 00:11:31 (4664 turns).

Grim the Jinx (Deep Elf Enchanter)                  Turns: 4664, Time: 00:11:31

Health: 0/36       AC:  2    Str:  5      XL:     7   Next: 30%
Magic:  9/13       EV: 13    Int: 20 (22) God:
Gold:   100        SH:  0    Dex: 18 (21) Spells: 4/12 levels left

rFire   . . .      SeeInvis .    a - +1 dagger
rCold   . . .      Faith    .    (no shield)
rNeg    . . .      Spirit   .    b - +0 robe
rPois   .          Reflect  .    (no helmet)
rElec   .          Rampage  .    (no cloak)
rCorr   .                        (no gloves)
Will    .....                    (no boots)
Stlth   ++++                     d - amulet of regeneration
HPRegen 1.06/turn                f - +6 ring of dexterity
MPRegen 0.13/turn                (no ring)

@: no status effects
A: no striking features
a: no special abilities


You were on level 4 of the Dungeon.
You visited 1 branch of the dungeon, and saw 5 of its levels.

You collected 100 gold pieces.

Inventory:

Hand Weapons
 a - a +1 dagger (weapon)
Missiles
 p - a throwing net (quivered)
Armour
 b - a +0 robe (worn)
Jewellery
 d - an amulet of regeneration (around neck)
 e - an amulet of magic regeneration
 f - a +6 ring of dexterity (left hand)
 q - an amulet of faith
 t - an amulet of the acrobat
Scrolls
 g - 2 scrolls of teleportation {unknown}
 j - a scroll of immolation {unknown}
 k - 2 scrolls of noise {unknown}
 l - 2 scrolls of enchant weapon {unknown}
 o - 3 scrolls of identify {unknown}
 s - a scroll of magic mapping {unknown}
 u - a scroll of torment {unknown}
Potions
 c - 3 potions of invisibility
 h - 2 potions of degeneration {!q}
 i - a potion of curing {unknown}
 m - a potion of might {unknown}
 n - 2 potions of haste {unknown}
 r - 2 potions of brilliance {unknown}


   Skills:
 - Level 3.1 Short Blades
 - Level 2.4 Dodging
 + Level 7.3 Stealth
 - Level 3.0 Spellcasting
 + Level 8.0 Hexes
 - Level 1.1 Ice Magic


You had 4 spell levels left.
You knew the following spells:

 Your Spells              Type           Power      Damage    Failure   Level
a - Ensorcelled Hibernat  Hex/Ice        42%        N/A       3%          2
b - Confusing Touch       Hex            35%        N/A       1%          3
c - Tukima's Dance        Hex            35%        N/A       1%          3

Your spell library contained the following spells:

 Spells                   Type           Power      Damage    Failure   Level
 Dazzling Flash           Conj/Hex       38%        N/A       9%          3
 Sting                    Tmut/Pois      12%        1d3       14%         1
 Lesser Beckoning         Tloc           6%         N/A       22%         2
 Poisonous Vapours        Pois/Air       6%         N/A       22%         2
 Gell's Gravitas          Tloc           3%         N/A       38%         3
 Teleport Other           Tloc           3%         N/A       38%         3
 Olgreb's Toxic Radiance  Pois           3%         N/A       80%         4


Dungeon Overview and Level Annotations

Branches:
Dungeon (5/15)
 Temple: D:4-7

Altars:

Shops:
D:2 *


Message History

Grinder is heavily wounded.
Grinder hits you!
You strike the helpless Grinder from behind!
You impale Grinder!!
You kill Grinder!
You feel your strength returning.
You feel your intelligence returning.
Your Stealth skill increases to level 7!
Your Hexes skill increases to level 8!
You have reached level 7!
An orc wizard comes into view. It is wielding a +0 dagger.
You see here 3 murky dark potions.
An orc wizard comes into view. It is wielding a +0 dagger.
The orc shouts!
The orc wizard casts a spell at you.
You easily resist.
You see here 3 murky dark potions.
The orc wizard gestures at you while chanting.
The puff of flame hits you!
* * * LOW HITPOINT WARNING * * *
The orc wizard gestures at you while chanting.
You easily resist.
An ogre comes into view. It is wielding a +0 giant club.
There is a stone staircase leading up here.
The ogre shouts!
The ogre misses you.
You climb upwards.
There is a stone staircase leading down here.
Casting: Confusing Touch (safe; 1% risk of failure)
Confirm with . or Enter, or press ? or * to list all spells.
Your hands begin to glow red.
You hit the ogre but do no damage.
The ogre appears confused.
The ogre hits you with a +0 giant club!
* * * LOW HITPOINT WARNING * * *
You hit the ogre.
The ogre is lightly wounded.
You hit the ogre.
The ogre is lightly wounded.
The ogre hits you with a +0 giant club!!
Ouch! That really hurt!
You die...

##.....# ########
####### ......#
#############
......######...........#
.......................#
.....<........8.....8..#
.......................#
................@......#
................O......#
.......................#
############...........#
# ##.8.....8..# #
#.........## #
###########


You could see an ogre (confused).

Vanquished Creatures
  Grinder (D:5)
  A black bear (D:4)
  An orc priest (D:4)
  An iguana (D:4)
  An orc wizard (D:5)
  Robin (D:2)
  8 gnolls (D:4)
  5 adders
  2 ufetubi (D:4)
  4 dart slugs
  3 worms
  8 orcs
  5 bats
  4 endoplasms
  3 giant cockroaches
  11 goblins
  10 hobgoblins
  2 jackals (D:1)
  5 quokkas
  3 ball pythons
  2 frilled lizards
  5 kobolds
  6 rats
92 creatures vanquished.

Vanquished Creatures (collateral kills)
  A hound (D:4)
  2 orcs
3 creatures vanquished.

Vanquished Creatures (others)
  2 dancing weapons
  4 plants (D:2)
6 creatures vanquished.

Grand Total: 101 creatures vanquished

Notes
Turn   | Place    | Note
-------+----------+-------------------------------------------
     0 | D:1      | Grim the Deep Elf Enchanter began the quest for the Orb.
     0 | D:1      | Reached XP level 1. HP: 10/10 MP: 6/6
   171 | D:1      | Reached XP level 2. HP: 15/15 MP: 8/8
   577 | D:1      | Learned a level 2 spell: Ensorcelled Hibernation
   698 | D:2      | Noticed Robin
   742 | D:2      | Reached XP level 3. HP: 19/19 MP: 0/9
  1089 | D:2      | Found Seck's Assorted Antiques.
  1117 | D:2      | Learned a level 3 spell: Confusing Touch
  1121 | D:2      | Learned a level 3 spell: Tukima's Dance
  1567 | D:2      | Killed Robin
  1568 | D:2      | Reached skill level 1 in Ice Magic
  1586 | D:2      | Reached skill level 5 in Hexes
  1801 | D:2      | Reached XP level 4. HP: 23/24 MP: 6/10
  3384 | D:4      | Reached XP level 5. HP: 15/28 MP: 8/11
  3481 | D:4      | Noticed a black bear
  3488 | D:4      | Killed a black bear
  3489 | D:4      | Reached skill level 5 in Stealth
  3489 | D:4      | Reached skill level 6 in Hexes
  3495 | D:4      | Reached XP level 6. HP: 32/32 MP: 6/12
  4098 | D:4      | Reached skill level 7 in Hexes
  4350 | D:5      | Entered Level 5 of the Dungeon
  4361 | D:5      | Noticed Grinder
  4640 | D:5      | Killed Grinder
  4641 | D:5      | Reached skill level 8 in Hexes
  4641 | D:5      | Reached XP level 7. HP: 23/36 MP: 9/13
  4664 | D:4      | Slain by an ogre

Illustrated notes

Levels and vault maps discovered:
D:1:      saegor_arrival_simple_d, layout_rooms
D:2:      cheibrodos_old_hovel, layout_loops_ring, serial_co_window_serial,
          co_window_paths_a, co_window_paths_a, co_window_paths_b,
          co_window_paths_a, co_window_paths_a, co_window_of_opportunity_a,
          co_window_paths_a, co_window_corner_b, co_window_unsneaky_path_c,
          co_window_corner_b, co_window_paths_e, co_window_4corner_b,
          glass_columns_a, serial_shops, shop, minmay_strange_pillars,
          minmay_quantized, uniq_robin
D:3:      layout_basic, minmay_box_of_dots
D:4:      layout_basic, st_stairs_1, dk_noncrumbling_3,
          hangedman_abyss_or_decor_stabs
D:5:      layout_cave_pools, kennysheep_okawaru_gauntlet,
          amcnicky_altar_lugonu_corruption, uniq_grinder

Skill      XL: |  1  2  3  4  5  6 |
---------------+-------------------+-----
Stealth        | 4 5 7 |  7.3
Short Blades   | 2 3 |  3.1
Ice Magic      | 1 |  1.1
Hexes          | 5 6 8 |  8.0
Dodging        | |  2.4
Spellcasting   | |  3.0

Action                     |  1- 3 |  4- 6 |  7- 9 || total
---------------------------+-------+-------+-------++-------
  Melee: Dagger            |    69 |   128 |     3 ||   200
   Cast: Ensorcelled Hiber |    19 |    34 |       ||    53
         Confusing Touch   |     1 |     6 |     1 ||     8
         Tukima's Dance    |       |     8 |       ||     8
    Use: Potion            |       |     1 |       ||     1
   Stab: Sleeping          |    29 |    32 |       ||    61
         Confused          |       |     4 |       ||     4
 Armour: Robe              |    12 |    15 |       ||    27
  Dodge: Dodged            |    52 |   109 |     1 ||   162

Table legend: (Time is in decaauts)
 A = Elapsed time spent in this place.
 B = Non-inter-level travel time spent in this place.
 C = Inter-level travel time spent in this place.
 D = Time resting spent in this place.
 E = Time spent auto-exploring this place.
 F = Levels seen in this place.
 G = Mean time per level.
                   A        B        C        D        E       F      G
               +--------+--------+--------+--------+--------+-----+--------+
         Total |   4640 |   4513 |    127 |   1064 |   2645 |   5 |  928.0 |
       Dungeon |   4640 |   4513 |    127 |   1064 |   2645 |   5 |  928.0 |
               +--------+--------+--------+--------+--------+-----+--------+

Top non-repeatable levels by time:
     D:2: 1529 daAuts
     D:4: 1237 daAuts
     D:3: 1128 daAuts
     D:1: 529 daAuts
     D:5: 216 daAuts
